GG

Match 28314407
End
Pioneer Squad
Selects Luftwaffe Battlegroup
Selects Luftwaffe Pioneer Support
Fallschirmpioneer Squad Paradrop
Construct Infanterie Kompanie
Grenadier Squad
MG 42 Machine Gun Team
Construct Panzergrenadier Kompanie
Panzergrenadier Squad
Selects Reconnaissance Run
Selects Fallschirmjäger Squad Paradrop
Medical Bunker
Fallschirmjäger Squad Paradrop
Pak 40 Anti-tank Gun Team
Construct Panzer Kompanie
Panzergrenadier Officer Quarters
Stoßtruppen Squad
Selects LG40 Recoilless Gun Paradrop
Stoßtruppen Squad
Selects Infantry Reserves
Panzer Officer Quarters
Panzer IV Medium Tank
Pak 40 Anti-tank Gun Team
Selects Stuka Loiter
Panzer IV Medium Tank
KD | AlfredJodocusKwak
Stana
0
0

Comments sign in to comment!

No comments posted yet!